APP
BALTIMORE (APP) ORIOLES @ CLEVELAND (APP) INDIANS
08/22/2044
 
TOP OF THE 1ST
Baltimore (APP) Orioles batting - Pitching for Cleveland (APP) Indians : RHP Jose Esteban
Pitching: RHP Jose Esteban
Batting: LHB Rodolfo Montes 0-0: Bunt for hit to 2R - play at first, batter safe!
Batting: RHB Mike Zepeda 0-0: Ball
1-0: Ball
2-0: Ball
3-0: Base on Balls
Rodolfo Montes to second
Batting: RHB Jeremy Sipe 0-0: Called Strike
0-1: Foul Ball, location: 2F
0-2: Ball
1-2: SINGLE (Groundball, 56, EV 96.3 MPH)
Rodolfo Montes to third
Mike Zepeda to second
Batting: RHB Daniel Jackson 0-0: Ball
1-0: Called Strike
1-1: Ball
2-1: Ball
Passed Ball!
Rodolfo Montes scores
Mike Zepeda to third
Jeremy Sipe to second
3-1: Fly out, F8 (Flyball, 89D, EV 101.3 MPH)
Runner from 3rd tags up, SCORES, no throw by CF
Batting: RHB Kaleb Yerger 0-0: Called Strike
Jeremy Sipe steals 3rd, throwing error, E2
Jeremy Sipe scores
0-1: Swinging Strike
0-2: Strikes out swinging
Batting: RHB Fernando Bravo 0-0: Ball
1-0: Called Strike
1-1: Ball
2-1: Foul Ball, location: 2F
2-2: Ball
3-2: Base on Balls
Pitching: RHP Gilbert Paparelli
Batting: RHB Matt O'Dea 0-0: Swinging Strike
0-1: SINGLE (Line Drive, 8LS, EV 86.9 MPH)
Fernando Bravo to second
Batting: RHB Ryan Vest 0-0: Ball
Passed Ball!
Fernando Bravo to third
Matt O'Dea to second
1-0: Foul Ball, location: 2F
1-1: Ball
Wild Pitch!
Fernando Bravo scores
Matt O'Dea to third
2-1: Swinging Strike
2-2: Ball
3-2: Base on Balls
Batting: RHB Ioan Biros 0-0: Ball
1-0: Called Strike
1-1: Ball
2-1: Foul Ball, location: 2F
2-2: 3-RUN HOME RUN (Flyball, 7LD, EV 93.1 MPH), Distance : 340 ft
Batting: LHB Rodolfo Montes 0-0: Hit by Pitch
Batting: RHB Mike Zepeda 0-0: Ball
Passed Ball!
Rodolfo Montes to second
1-0: Ball
2-0: Foul Ball, location: 2F
2-1: Ball
3-1: Base on Balls
Pitching: LHP Jordan Jimenez
Batting: RHB Jeremy Sipe 0-0: Fly out, F7 (Line Drive, 7, EV 93.8 MPH)
Top of the 1st over - 7 runs, 4 hits, 1 error, 2 left on base; Baltimore (APP) 7 - Cleveland (APP) 0
BOTTOM OF THE 1ST
Cleveland (APP) Indians batting - Pitching for Baltimore (APP) Orioles : RHP Jonathan Spicer
Pitching: RHP Jonathan Spicer
Batting: RHB John Clark 0-0: Called Strike
0-1: Swinging Strike
0-2: Strikes out swinging
Batting: RHB Carlos Manriquez 0-0: Ball
1-0: Ball
2-0: Ball
3-0: Called Strike
3-1: Foul Ball, location: 2F
3-2: Strikes out swinging
Batting: RHB Juan Gallardo 0-0: Ball
1-0: Called Strike
1-1: Ball
2-1: Foul Ball, location: 2F
2-2: Strikes out looking
Bottom of the 1st over - 0 runs, 0 hits, 0 errors, 0 left on base; Baltimore (APP) 7 - Cleveland (APP) 0
TOP OF THE 2ND
Baltimore (APP) Orioles batting - Pitching for Cleveland (APP) Indians : LHP Jordan Jimenez
Batting: RHB Daniel Jackson 0-0: Swinging Strike
0-1: Foul Ball, location: 2F
0-2: Strikes out swinging
Batting: RHB Kaleb Yerger 0-0: Called Strike
0-1: Ball
1-1: Ball
2-1: Foul Ball, location: 2F
2-2: Strikes out swinging
Batting: RHB Fernando Bravo 0-0: Foul Ball, location: 2F
0-1: SINGLE (Line Drive, 89S, EV 108.8 MPH)
Batting: RHB Matt O'Dea 0-0: Called Strike
0-1: Foul Ball, location: 2F
0-2: Foul Ball, location: 2F
0-2: 2-RUN HOME RUN (Flyball, 7D, EV 91.3 MPH), Distance : 357 ft
Batting: RHB Ryan Vest 0-0: Ball
1-0: Called Strike
1-1: Ball
2-1: Swinging Strike
2-2: Ball
3-2: Fly out, F8 (Flyball, 8RD, EV 87.5 MPH)
Top of the 2nd over - 2 runs, 2 hits, 0 errors, 0 left on base; Baltimore (APP) 9 - Cleveland (APP) 0
BOTTOM OF THE 2ND
Cleveland (APP) Indians batting - Pitching for Baltimore (APP) Orioles : RHP Jonathan Spicer
Batting: RHB Luis Roman 0-0: Foul Ball, location: 2F
0-1: Called Strike
0-2: Ball
1-2: Foul Ball, location: 2F
1-2: Ball
2-2: Foul Ball, location: 2F
2-2: Strikes out swinging
Batting: LHB Kenji Yokoyama 0-0: Ball
1-0: Called Strike
1-1: Swinging Strike
1-2: Strikes out swinging
Batting: RHB Joe Shade 0-0: Ball
1-0: Ball
2-0: Foul Ball, location: 2F
2-1: Swinging Strike
2-2: Strikes out swinging
Bottom of the 2nd over - 0 runs, 0 hits, 0 errors, 0 left on base; Baltimore (APP) 9 - Cleveland (APP) 0
TOP OF THE 3RD
Baltimore (APP) Orioles batting - Pitching for Cleveland (APP) Indians : LHP Jordan Jimenez
Batting: RHB Ioan Biros 0-0: Called Strike
0-1: Ball
1-1: Ball
2-1: Swinging Strike
2-2: Ball
3-2: Base on Balls
Batting: LHB Rodolfo Montes 0-0: Ball
Passed Ball!
Ioan Biros to second
1-0: Ball
Passed Ball!
Ioan Biros to third
2-0: Foul Ball, location: 2F
2-1: Foul Ball, location: 2F
2-2: Foul Ball, location: 2F
2-2: SINGLE (Groundball, 34D, EV 106.3 MPH)
Ioan Biros scores
Batting: RHB Mike Zepeda 0-0: Ball
Wild Pitch!
Rodolfo Montes to second
1-0: Ball
2-0: Called Strike
2-1: Ball
3-1: Base on Balls
Batting: RHB Jeremy Sipe 0-0: Ball
Wild Pitch!
Rodolfo Montes to third
Mike Zepeda to second
1-0: Ball
2-0: Ball
3-0: Called Strike
3-1: Base on Balls
Batting: RHB Daniel Jackson 0-0: Ball
1-0: Ball
Passed Ball!
Rodolfo Montes scores
Mike Zepeda to third
Jeremy Sipe to second
2-0: Called Strike
2-1: DOUBLE (Flyball, 8LXD, EV 107.5 MPH)
Mike Zepeda scores
Jeremy Sipe scores
Batting: RHB Kaleb Yerger 0-0: Ball
Passed Ball!
Daniel Jackson to third
1-0: Foul Ball, location: 2F
1-1: Called Strike
1-2: Ball
Passed Ball!
Daniel Jackson scores
2-2: Ball
3-2: Base on Balls
Batting: RHB Fernando Bravo 0-0: Ball
Passed Ball!
Kaleb Yerger to second
1-0: Called Strike
1-1: Ball
2-1: Ball
Passed Ball!
Kaleb Yerger to third
3-1: Foul Ball, location: 2F
3-2: Base on Balls
Batting: RHB Matt O'Dea 0-0: Ball
Passed Ball!
Kaleb Yerger scores
Fernando Bravo to second
1-0: Ball
Wild Pitch!
Fernando Bravo to third
2-0: Ball
3-0: Called Strike
3-1: Base on Balls
Batting: RHB Ryan Vest 0-0: DOUBLE (Groundball, 5L, EV 103.1 MPH)
Fernando Bravo scores
Matt O'Dea to third
Runner from 3rd tries for Home, SAFE, no throw by LF
Batting: RHB Ioan Biros 0-0: Reached on error, E4 (Groundball, P, EV 85.6 MPH)
Ryan Vest scores
Batting: LHB Rodolfo Montes 0-0: Ball
1-0: Ball
Passed Ball!
Ioan Biros to third
2-0: Called Strike
2-1: Ball
3-1: Base on Balls
Batting: RHB Mike Zepeda 0-0: Foul Ball, location: 2F
0-1: Ball
1-1: DOUBLE (Flyball, 8LXD, EV 103.1 MPH)
Ioan Biros scores
Rodolfo Montes to third
Batting: RHB Jeremy Sipe 0-0: Ball
1-0: 3-RUN HOME RUN (Flyball, 7D, EV 103.8 MPH), Distance : 376 ft
Batting: RHB Daniel Jackson 0-0: Called Strike
0-1: Ball
1-1: Foul Ball, location: 2F
1-2: Ball
2-2: TRIPLE (Groundball, 3L, EV 103.1 MPH)
Batting: RHB Kaleb Yerger 0-0: Ball
1-0: Ball
2-0: Called Strike
2-1: Ball
3-1: Base on Balls
Batting: RHB Fernando Bravo 0-0: SINGLE (Groundball, 56D, EV 100.0 MPH)
Daniel Jackson scores
Kaleb Yerger to second
Batting: RHB Matt O'Dea 0-0: Ball
1-0: Ball
2-0: Ball
3-0: Base on Balls
Kaleb Yerger to third
Fernando Bravo to second
Batting: RHB Ryan Vest 0-0: Ball
Passed Ball!
Kaleb Yerger scores
Fernando Bravo to third
Matt O'Dea to second
1-0: Ball
Passed Ball!
Fernando Bravo scores
Matt O'Dea to third
2-0: Called Strike
2-1: Swinging Strike
2-2: Ball
3-2: Foul Ball, location: 2F
3-2: Base on Balls
Batting: RHB Ioan Biros 0-0: SINGLE (Groundball, 6MD, EV 107.5 MPH)
Matt O'Dea scores
Ryan Vest to second
Batting: LHB Rodolfo Montes 0-0: Fielders Choice at 2nd, 3-6 (Groundball, 3, EV 83.1 MPH)
Ryan Vest to third
Batting: RHB Mike Zepeda 0-0: Called Strike
0-1: Ball
1-1: Foul Ball, location: 9LSF, Error on foul ball, E9
1-2: Fielders Choice at 2nd, 6-4 (Groundball, 6, EV 85.0 MPH)
Ryan Vest scores
Batting: RHB Jeremy Sipe 0-0: Reached on error, E5 (Groundball, 5S, EV 91.3 MPH)
Mike Zepeda to second
Batting: RHB Daniel Jackson 0-0: Ball
Passed Ball!
Mike Zepeda to third
Jeremy Sipe to second
1-0: Ball
2-0: Ball
3-0: Called Strike
3-1: Base on Balls
Batting: RHB Kaleb Yerger 0-0: Foul Ball, location: 2F
0-1: SINGLE (Groundball, 6MD, EV 94.4 MPH)
Mike Zepeda scores
Jeremy Sipe to third
Daniel Jackson to second
Runner from 3rd tries for Home, SAFE, throw by CF to home
Batting: RHB Fernando Bravo 0-0: Ball
1-0: Ball
2-0: Ball
3-0: Base on Balls
Daniel Jackson to third
Kaleb Yerger to second
Batting: RHB Matt O'Dea 0-0: Foul Ball, location: 2F
0-1: Foul Ball, location: 2F
0-2: Fielders Choice at 2nd, 6-4 (Groundball, 6, EV 100.6 MPH)
Top of the 3rd over - 20 runs, 9 hits, 3 errors, 3 left on base; Baltimore (APP) 29 - Cleveland (APP) 0
BOTTOM OF THE 3RD
Cleveland (APP) Indians batting - Pitching for Baltimore (APP) Orioles : RHP Jonathan Spicer
Batting: LHB Heath Ryland 0-0: Called Strike
0-1: Foul Ball, location: 2F
0-2: Ball
1-2: Ball
2-2: Ball
3-2: Strikes out looking
Batting: RHB Ken Shear 0-0: Called Strike
0-1: Fly out, F2 (Popup, 2RF, EV 86.3 MPH)
Batting: SHB Mike Shields 0-0: Ball
1-0: Ball
2-0: Called Strike
2-1: Foul Ball, location: 2F
2-2: Strikes out swinging
Bottom of the 3rd over - 0 runs, 0 hits, 0 errors, 0 left on base; Baltimore (APP) 29 - Cleveland (APP) 0
TOP OF THE 4TH
Baltimore (APP) Orioles batting - Pitching for Cleveland (APP) Indians : LHP Jordan Jimenez
Batting: RHB Ryan Vest 0-0: Called Strike
0-1: Ball
1-1: Ground out U3 (Groundball, 3S, EV 88.8 MPH)
Batting: RHB Ioan Biros 0-0: Ground out 5-3 (Groundball, 56, EV 79.4 MPH)
Batting: LHB Rodolfo Montes 0-0: Ball
1-0: Foul Ball, location: 2F
1-1: Single, Error in OF, E9, batter to second base (Groundball, 4, EV 95.6 MPH)
Batting: RHB Mike Zepeda 0-0: Fly out, F7 (Line Drive, 7, EV 95.0 MPH)
Top of the 4th over - 0 runs, 1 hit, 1 error, 1 left on base; Baltimore (APP) 29 - Cleveland (APP) 0
BOTTOM OF THE 4TH
Cleveland (APP) Indians batting - Pitching for Baltimore (APP) Orioles : RHP Jonathan Spicer
Batting: RHB John Clark 0-0: Ball
1-0: Foul Ball, location: 2F
1-1: Foul Ball, location: 2F
1-2: Strikes out swinging
Batting: RHB Carlos Manriquez 0-0: Foul Ball, location: 2F
0-1: Ball
1-1: Ball
2-1: Swinging Strike
2-2: Ball
3-2: SINGLE (Flyball, 34D, EV 88.8 MPH)
Batting: RHB Juan Gallardo 0-0: Ground out 2-3 (Groundball, 13S, EV 68.1 MPH)
Carlos Manriquez to second
Batting: RHB Luis Roman 0-0: Ball
1-0: Fly out, F9 (Line Drive, 9D, EV 97.5 MPH)
Bottom of the 4th over - 0 runs, 1 hit, 0 errors, 1 left on base; Baltimore (APP) 29 - Cleveland (APP) 0
TOP OF THE 5TH
Baltimore (APP) Orioles batting - Pitching for Cleveland (APP) Indians : LHP Jordan Jimenez
Batting: RHB Jeremy Sipe 0-0: Ball
1-0: DOUBLE (Groundball, 5L, EV 111.9 MPH)
Batting: RHB Daniel Jackson 0-0: Called Strike
0-1: Ball
Passed Ball!
Jeremy Sipe to third
1-1: SINGLE (Groundball, 25, EV 75.6 MPH) (infield hit)
Batting: RHB Kaleb Yerger 0-0: Foul Ball, location: 2F
0-1: Ball
1-1: Ball
Passed Ball!
Jeremy Sipe scores
Daniel Jackson to second
2-1: Swinging Strike
2-2: Ball
3-2: Base on Balls
Batting: RHB Fernando Bravo 0-0: Foul Ball, location: 2F
0-1: Ball
1-1: Fielders Choice at 2nd, 5-4 (Groundball, 56S, EV 80.0 MPH)
Daniel Jackson to third
Batting: RHB Matt O'Dea 0-0: Ball
1-0: Ball
2-0: DOUBLE (Line Drive, 8RD, EV 93.1 MPH)
Daniel Jackson scores
Fernando Bravo to third
Batting: RHB Ryan Vest 0-0: Ground out 6-3 (Groundball, 6, EV 104.4 MPH)
Fernando Bravo scores
Batting: RHB Ioan Biros 0-0: Ball
Passed Ball!
Matt O'Dea to third
1-0: Ball
2-0: Ball
Wild Pitch!
Matt O'Dea scores
3-0: Base on Balls
Batting: LHB Rodolfo Montes 0-0: Fielders Choice at 2nd, 6-4 (Groundball, 56, EV 83.8 MPH)
Top of the 5th over - 4 runs, 3 hits, 0 errors, 1 left on base; Baltimore (APP) 33 - Cleveland (APP) 0
BOTTOM OF THE 5TH
Cleveland (APP) Indians batting - Pitching for Baltimore (APP) Orioles : RHP Jonathan Spicer
Batting: LHB Kenji Yokoyama 0-0: Swinging Strike
0-1: Ball
1-1: Called Strike
1-2: Ball
2-2: Foul Ball, location: 2F
2-2: Strikes out looking
Batting: RHB Joe Shade 0-0: Foul Ball, location: 2F
0-1: Called Strike
0-2: SINGLE (Line Drive, 8LS, EV 99.4 MPH)
Batting: LHB Heath Ryland 0-0: Swinging Strike
0-1: Fielders Choice at 2nd, 6-4 (Groundball, 56, EV 105.6 MPH)
Batting: RHB Ken Shear 0-0: Called Strike
0-1: Ball
1-1: Ball
2-1: Swinging Strike
2-2: Ball
3-2: Strikes out swinging
Bottom of the 5th over - 0 runs, 1 hit, 0 errors, 1 left on base; Baltimore (APP) 33 - Cleveland (APP) 0
TOP OF THE 6TH
Baltimore (APP) Orioles batting - Pitching for Cleveland (APP) Indians : LHP Jordan Jimenez
Batting: RHB Mike Zepeda 0-0: Ball
1-0: Called Strike
1-1: Ball
2-1: Ball
3-1: Base on Balls
Batting: RHB Jeremy Sipe 0-0: Fly out, F4 (Popup, 23, EV 91.9 MPH)
Batting: RHB Daniel Jackson 0-0: Fly out, F9 (Flyball, 9LS, EV 92.5 MPH)
Batting: RHB Kaleb Yerger 0-0: Fielders Choice at 2nd, 6-4 (Groundball, 6, EV 105.0 MPH)
Top of the 6th over - 0 runs, 0 hits, 0 errors, 1 left on base; Baltimore (APP) 33 - Cleveland (APP) 0
BOTTOM OF THE 6TH
Cleveland (APP) Indians batting - Pitching for Baltimore (APP) Orioles : RHP Jonathan Spicer
Batting: SHB Mike Shields 0-0: Ball
1-0: Ground out 4-3 (Groundball, 4, EV 111.9 MPH)
Batting: RHB John Clark 0-0: Swinging Strike
0-1: Ball
1-1: Fly out, F8 (Flyball, 8LD, EV 98.8 MPH)
Batting: RHB Carlos Manriquez 0-0: Ball
1-0: Ball
2-0: Ball
3-0: Base on Balls
Batting: RHB Juan Gallardo 0-0: Ball
1-0: Called Strike
Carlos Manriquez steals 2nd base (no throw)
1-1: Swinging Strike
1-2: Strikes out swinging
Bottom of the 6th over - 0 runs, 0 hits, 0 errors, 1 left on base; Baltimore (APP) 33 - Cleveland (APP) 0
TOP OF THE 7TH
Baltimore (APP) Orioles batting - Pitching for Cleveland (APP) Indians : LHP Jordan Jimenez
Batting: RHB Fernando Bravo 0-0: DOUBLE (Line Drive, 78XD, EV 100.0 MPH)
Batting: RHB Matt O'Dea 0-0: Ground out 6-3 (Groundball, 6, EV 86.9 MPH)
Batting: RHB Ryan Vest 0-0: Ball
1-0: Foul Ball, location: 2F
1-1: Ball
2-1: Ball
Passed Ball!
Fernando Bravo to third
3-1: Swinging Strike
Passed Ball!
Fernando Bravo scores
3-2: Foul Ball, location: 2F
3-2: Base on Balls
Batting: RHB Ioan Biros 0-0: Called Strike
0-1: Ball
Passed Ball!
Ryan Vest to second
1-1: Ball
2-1: Ball
3-1: Called Strike
3-2: Base on Balls
Batting: LHB Rodolfo Montes 0-0: Fielders Choice at 2nd, 4-6 (Groundball, 4M, EV 85.0 MPH)
Ryan Vest to third
Batting: RHB Mike Zepeda 0-0: Fly out, F6 (Popup, 6MD, EV 58.8 MPH)
Top of the 7th over - 1 run, 1 hit, 0 errors, 2 left on base; Baltimore (APP) 34 - Cleveland (APP) 0
BOTTOM OF THE 7TH
Cleveland (APP) Indians batting - Pitching for Baltimore (APP) Orioles : RHP Jonathan Spicer
Batting: RHB Luis Roman 0-0: SINGLE (Line Drive, 56, EV 94.4 MPH)
Batting: LHB Kenji Yokoyama 0-0: Ball
1-0: Grounds into double play, 6-4-3 (Groundball, 56, EV 88.8 MPH)
Batting: RHB Joe Shade 0-0: Called Strike
0-1: Foul Ball, location: 2F
0-2: Ball
1-2: Ball
2-2: Ball
3-2: Strikes out swinging
Bottom of the 7th over - 0 runs, 1 hit, 0 errors, 0 left on base; Baltimore (APP) 34 - Cleveland (APP) 0
TOP OF THE 8TH
Baltimore (APP) Orioles batting - Pitching for Cleveland (APP) Indians : LHP Jordan Jimenez
Batting: RHB Jeremy Sipe 0-0: Fly out, F8 (Flyball, 8LM, EV 77.5 MPH)
Batting: RHB Daniel Jackson 0-0: Swinging Strike
0-1: SOLO HOME RUN (Flyball, 7LD, EV 95.0 MPH), Distance : 342 ft
Batting: RHB Kaleb Yerger 0-0: Ball
1-0: Ground out 5-3 (Groundball, 56, EV 94.4 MPH)
Batting: RHB Fernando Bravo 0-0: Ball
1-0: Called Strike
1-1: Ball
2-1: Ball
3-1: Base on Balls
Batting: RHB Matt O'Dea 0-0: Fly out, F3 (Flyball, 3D, EV 85.0 MPH)
Top of the 8th over - 1 run, 1 hit, 0 errors, 1 left on base; Baltimore (APP) 35 - Cleveland (APP) 0
BOTTOM OF THE 8TH
Cleveland (APP) Indians batting - Pitching for Baltimore (APP) Orioles : RHP Jonathan Spicer
Batting: LHB Heath Ryland 0-0: Foul Ball, location: 2F
0-1: Ball
1-1: Ball
2-1: Ball
3-1: Swinging Strike
3-2: Strikes out swinging
Pitching: RHP Jason Vigil
Batting: RHB Ken Shear 0-0: Called Strike
0-1: Ball
1-1: Ball
2-1: Ball
3-1: Called Strike
3-2: Strikes out swinging
Batting: SHB Mike Shields 0-0: Ball
1-0: Called Strike
1-1: Called Strike
1-2: Strikes out swinging
Bottom of the 8th over - 0 runs, 0 hits, 0 errors, 0 left on base; Baltimore (APP) 35 - Cleveland (APP) 0
TOP OF THE 9TH
Baltimore (APP) Orioles batting - Pitching for Cleveland (APP) Indians : LHP Jordan Jimenez
Batting: RHB Ryan Vest 0-0: Ball
1-0: Foul Ball, location: 2F
1-1: SINGLE (Groundball, 56S, EV 65.6 MPH) (infield hit)
Batting: RHB Ioan Biros 0-0: Reached on error, E6 (Groundball, 6, EV 101.9 MPH)
Ryan Vest to second
Batting: LHB Rodolfo Montes 0-0: Ball
Wild Pitch!
Ryan Vest to third
Ioan Biros to second
1-0: Called Strike
1-1: Foul Ball, location: 2F
1-2: Fly out, F8 (Flyball, 78XD, EV 98.8 MPH)
Runner from 3rd tags up, SCORES, no throw by CF
Batting: RHB Mike Zepeda 0-0: Called Strike
0-1: Ball
1-1: 2-RUN HOME RUN (Flyball, 7LD, EV 90.0 MPH), Distance : 340 ft
Batting: RHB Jeremy Sipe 0-0: Ball
1-0: Ball
2-0: Ball
3-0: Base on Balls
Batting: RHB Daniel Jackson 0-0: Fly out, F9 (Flyball, 9S, EV 81.3 MPH)
Batting: RHB Kaleb Yerger 0-0: Foul Ball, location: 2F
0-1: Fielders Choice at 2nd, 5-4 (Groundball, 56, EV 86.3 MPH)
Top of the 9th over - 3 runs, 2 hits, 1 error, 1 left on base; Baltimore (APP) 38 - Cleveland (APP) 0
BOTTOM OF THE 9TH
Cleveland (APP) Indians batting - Pitching for Baltimore (APP) Orioles : RHP Jason Vigil
Batting: RHB John Clark 0-0: Ball
1-0: Called Strike
1-1: Foul Ball, location: 2F
1-2: Foul Ball, location: 2F
1-2: Strikes out looking
Batting: RHB Carlos Manriquez 0-0: Called Strike
0-1: Ball
1-1: Ball
2-1: Ground out 1-3 (Groundball, 34S, EV 75.0 MPH)
Batting: RHB Juan Gallardo 0-0: Called Strike
0-1: Swinging Strike
0-2: Strikes out swinging
Bottom of the 9th over - 0 runs, 0 hits, 0 errors, 0 left on base; Baltimore (APP) 38 - Cleveland (APP) 0
Thursday, March 31st , 2022 - OOTP Baseball 22.12 Build 89